 Dungeon Crawl Stone Soup version 0.29-a0-96-g93358da72b (webtiles) character file.

Game seed: 4289319499624423577

92659 lunkers the Black Belt (level 16, -1/130 HPs)
             Began as a Merfolk Transmuter on Feb 9, 2022.
             Was an Initiate of Gozag.
             Killed by the air
             ... invoked by a wind drake
              (9 damage)
             ... on level 1 of the Shoals on Feb 10, 2022.
             The game lasted 01:26:59 (41394 turns).

lunkers the Black Belt (Merfolk Transmuter)        Turns: 41394, Time: 01:27:00

Health: -1/130     AC: 11    Str: 12    XL:     16   Next: 6%
Magic:  17/19      EV: 39    Int: 14    God:    Gozag
Gold:   6932       SH:  0    Dex: 22    Spells: 5/19 levels left

rFire   + + .      SeeInvis .     - Unarmed
rCold   . . .      Faith    .   (shield currently unavailable)
rNeg    . . .      Spirit   .   F - +2 leather armour {rF+}
rPois   .          Reflect  .   n - +2 helmet of Paxzilan {Contam rF+ Dex+3}
rElec   .          Harm     .   i - +1 cloak
rCorr   .          Rampage  .   (gloves currently unavailable)
Will    ++...                   z - +0 pair of boots
Stlth   ++........              g - amulet of the acrobat
HPRegen 0.31/turn               v - ring of willpower
MPRegen 0.16/turn               P - +4 ring of slaying

@: blade hands, gold aura, acrobatic, studying Shields
A: (nimble swimmer 2), mertail
a: End Transformation, Renounce Religion, Potion Petition, Call Merchant, Bribe
Branch


You were on level 1 of the Shoals.
You worshipped Gozag.
Gozag was greatly pleased with you.
You had blades for hands.
You visited 5 branches of the dungeon, and saw 24 of its levels.
You also visited: Bailey.

You collected 8209 gold pieces.
You spent 1166 gold pieces at shops.
You paid 111 gold pieces to Gozag.

Inventory:

Hand Weapons
 k - a +2 short sword of draining
 A - the +9 quarterstaff "Newtslayer" (melded) {flame, rElec Dex+4}
   (You found it on level 8 of the Dungeon)

   It burns those it strikes, dealing additional fire damage.
   Dex:       It affects your dexterity (+4).
   rElec:     It insulates you from electricity.
 E - the +8 trident of the Octopus King {venom, rElec rPois}
   (You found it on level 9 of the Dungeon)

   It poisons the flesh of those it strikes.
   rElec:     It insulates you from electricity.
   rPois:     It protects you from poison.
Armour
 i - a +1 cloak (worn)
 n - the +2 helmet of Paxzilan (worn) {Contam rF+ Dex+3}
   (You found it on level 6 of the Dungeon)

   Dex:       It affects your dexterity (+3).
   rF:        It protects you from fire.
   Contam:    It causes magical contamination when unequipped.
 y - a +2 pair of gloves (melded)
 z - a +0 pair of boots (worn)
 F - a +2 leather armour of fire resistance (worn)
 T - the +1 leather armour "Rolutif" {rF+ Regen+ Str+4 Slay-3}
   (You found it on level 14 of the Dungeon)

   Str:       It affects your strength (+4).
   Slay:      It affects your accuracy & damage with ranged weapons and melee
   (-3).
   rF:        It protects you from fire.
   Regen:     It increases your rate of health regeneration.
Jewellery
 g - an amulet of the acrobat (around neck)
 m - a ring of positive energy
 p - a ring of magical power
 r - a ring of willpower
 v - a ring of willpower (left blade hand)
 D - a +6 ring of dexterity
 O - a ring of flight
 P - a +4 ring of slaying (right blade hand)
 R - a +6 ring of intelligence
Wands
 h - a wand of polymorph (9)
 w - a wand of flame (23)
 x - a wand of acid (5)
 H - a wand of mindburst (14)
 L - a wand of charming (14)
Scrolls
 a - 5 scrolls of teleportation
 s - 3 scrolls of enchant weapon
 t - 4 scrolls of fear
 u - 2 scrolls of enchant armour
 K - a scroll of fog
 M - a scroll of identify
Potions
 b - 8 potions of resistance
 c - 3 potions of heal wounds
 d - 7 potions of curing
 e - 3 potions of berserk rage
 f - 2 potions of flight
 j - 3 potions of lignification
 l - 2 potions of invisibility
 o - a potion of might
 q - 3 potions of ambrosia
 B - 5 potions of haste
 C - a potion of attraction
 G - 2 potions of mutation
 I - a potion of brilliance
 J - 3 potions of magic
Miscellaneous
 Q - a tin of tremorstones (2/2)


   Skills:
 + Level 13.1 Fighting
 + Level 15.6 Dodging
 * Level 20.2 Unarmed Combat
 - Level 2.0 Spellcasting
 + Level 17.2 Transmutations


You had 5 spell levels left.
You knew the following spells:

 Your Spells              Type           Power      Damage    Failure   Level
b - Wereblood             Tmut           49%        N/A       5%          2
c - Spider Form           Tmut/Pois      25%        N/A       24%         3
d - Ice Form              Ice/Tmut       25%        N/A       43%         4
e - Blade Hands           Tmut           24%        N/A       13%         5

Your spell library contained the following spells:

 Spells                   Type           Power      Damage    Failure   Level
 Beastly Appendage        Tmut           98%        N/A       4%          1
 Ignite Poison            Fire/Tmut/Pois 17%        N/A       43%         3
 Irradiate                Conj/Tmut      12%        3d17      67%         5
 Yara's Violent Unravell  Hex/Tmut       12%        3d7       67%         5
 Foxfire                  Conj/Fire      4%         2x1d4     73%         1
 Pain                     Necr           4%         1d4       73%         1
 Summon Small Mammal      Summ           4%         N/A       73%         1
 Blink                    Tloc           2%         N/A       82%         2
 Corpse Rot               Necr/Air       2%         N/A       82%         2
 Ensorcelled Hibernation  Hex/Ice        2%         N/A       82%         2
 Poisonous Vapours        Pois/Air       2%         N/A       82%         2
 Searing Ray              Conj           2%         2d4       82%         2
 Call Canine Familiar     Summ           1%         N/A       94%         3
 Conjure Flame            Conj/Fire      1%         6-21      94%         3
 Dazzling Flash           Conj/Hex       2%         N/A       94%         3
 Frozen Ramparts          Ice            2%         1d2       94%         3
 Gell's Gravitas          Tloc           1%         N/A       94%         3
 Inner Flame              Hex/Fire       1%         N/A       94%         3
 Lesser Beckoning         Tloc           1%         N/A       94%         3
 Mephitic Cloud           Conj/Pois/Air  1%         N/A       94%         3
 Portal Projectile        Hex/Tloc       2%         N/A       94%         3
 Summon Guardian Golem    Hex/Summ       1%         N/A       94%         3
 Teleport Other           Tloc           1%         N/A       94%         3
 Tukima's Dance           Hex            1%         N/A       94%         3
 Cause Fear               Hex            0%         N/A       100%        4
 Dispel Undead            Necr           1%         3d6       100%        4
 Flame Wave               Conj/Fire      1%         2d4       100%        4
 Leda's Liquefaction      Hex/Erth       0%         N/A       100%        4
 Passage of Golubria      Tloc           1%         N/A       100%        4
 Summon Ice Beast         Ice/Summ       1%         N/A       100%        4
 Summon Lightning Spire   Summ/Air       1%         N/A       100%        4
 Fireball                 Conj/Fire      0%         3d3       100%        5
 Freezing Cloud           Conj/Ice/Air   0%         6-21      100%        5
 Manifold Assault         Tloc           1%         N/A       100%        5
 Summon Mana Viper        Hex/Summ       1%         N/A       100%        5
 Dragon Form              Tmut           24%        N/A       65%         7
 Starburst                Conj/Fire      0%         6d3       100%        6
 Enfeeble                 Hex            0%         N/A       100%        7
 Haunt                    Necr/Summ      0%         N/A       100%        7
 Orb of Destruction       Conj           0%         9d5       100%        7
 Spellforged Servitor     Conj/Summ      0%         N/A       100%        7
 Storm Form               Tmut/Air       12%        N/A       100%        7
 Discord                  Hex            0%         N/A       100%        8
 Ignition                 Fire           0%         3d3       100%        8


Dungeon Overview and Level Annotations

Branches:
Dungeon (14/15)            Temple (1/1) D:7            Lair (6/6) D:8
 Shoals (1/4) Lair:3       Spider (0/4) Lair:4        Slime (0/5) Lair:6
    Orc (2/2) D:11            Elf (0/3) Orc:2        Vaults (0/5) D:14
 Bailey (visited)

Altars:
Ashenzari
Cheibriados
Dithmenos
Elyvilon
Fedhas
Gozag
Hepliaklqana
Kikubaaqudgha
Makhleb
Nemelex Xobeh
Okawaru
Qazlal
Ru
Sif Muna
Trog
Uskayaw
Vehumet
Wu Jian
Xom
Yredelemnul
Zin
The Shining One
Lugonu

Shops:
D:4 [   D:8 :=   D:10 *   Orc:1 (   Orc:2 ?(!:

Portals:
Abyss: Lair:6
Pandemonium: Orc:2

Annotations:
Orc:1 1 runed translucent door


Innate Abilities, Weirdness & Mutations

You have blades for hands.
Your spellcasting is less reliable in this form.
You are incapable of wielding weapons or throwing items.
((You are very nimble when in or above water. (Stealth+, EV+, Speed+++)))
Your lower body shifts to a powerful aquatic tail in water.


Message History

The snapping turtle closely misses you.
You slip free of the water engulfing you.
The water engulfing you falls away. The wind drake flaps its wings at you.
The air twists around and strikes you!!
* * * LOW HITPOINT WARNING * * *
Welcome back, lunkers the Merfolk Transmuter.
Gozag says: Greed is good.
Press ? for a list of commands and other information.
Your legs become a tail as you enter the water.
Your +0 pair of boots melds into your body.
The water elemental is distracted by your dazzling golden aura.
The water elemental is engulfed in a cloud of scalding steam.
The wind drake flaps its wings at you. The air twists around and strikes you!
* * * LOW HITPOINT WARNING * * *
As you read the scroll of fear, it crumbles to dust.
You assume a fearsome visage.
The wind drake looks frightened!
The snapping turtle resists with some effort.
The water elemental is unaffected.
The merfolk looks frightened!
The water elemental is unaffected.
The snapping turtle resists with some effort.
The wind drake is distracted by your dazzling golden aura.
The wind drake is no longer distracted by gold.
The water elemental completely misses you.
The wind drake seems to regain its courage.
The snapping turtle is distracted by your dazzling golden aura.
The wind drake flaps its wings at you. The air twists around and strikes you!!
* * * LOW HITPOINT WARNING * * *
Your +0 pair of boots unmelds from your body.
You barely miss the water elemental. You slash the water elemental!!
The water elemental is almost destroyed.
The water elemental hits you.
You shred the water elemental!!!
You destroy the water elemental!
The wind drake flaps its wings at you. The air twists around and strikes you!
You die...
Your body crumbles into a pile of gold.

≈≈≈≈≈≈.#####....≈≈≈≈≈≈≈..##
≈≈≈≈≈.## #......≈≈≈≈≈≈≈...#.
≈≈≈≈≈.####.....≈≈≈≈k≈≈t...$.
≈≈≈≈≈..##.......≈≈≈≈≈≈≈≈...≈≈
≈≈≈≈≈≈..........≈≈≈≈≈≈≈≈..≈≈≈
≈≈≈≈≈≈≈.........≈≈≈≈≈≈≈≈...≈
≈≈≈≈≈≈≈≈≈≈≈.......$.≈≈≈≈≈..≈≈≈≈≈
≈≈≈≈≈≈≈≈...≈≈.......≈≈≈≈≈≈≈≈≈≈≈≈
≈≈≈≈≈≈≈≈.##.≈≈..@≈)≈≈≈≈..≈≈.≈≈≈≈
≈≈≈≈≈≈..###..≈≈...≈≈.≈≈≈≈.......
≈≈≈≈≈≈..# #..≈....≈....≈≈.#.....
≈≈≈≈≈≈)<###..........≈........#
≈≈≈≈≈≈≈...........#...........#
≈≈≈≈≈≈≈≈.......≈).##.≈..(..≈..#
≈≈≈≈≈≈≈≈≈≈≈≈...≈≈.>...≈≈.≈≈≈....
≈≈≈≈≈≈≈≈≈≈≈≈...≈≈...≈≈..≈≈≈≈≈≈..
≈≈≈≈≈≈≈≈≈≈≈≈≈≈≈≈≈≈≈≈≈≈≈≈≈≈≈≈≈≈≈≈


You could see a snapping turtle and a wind drake (repels missiles).

Vanquished Creatures
  An orc warlord (Orc:1)
  Josephine (D:12)
  A hydra (Lair:6)
  A vault guard (D:14)
  2 boulder beetles
  3 demonspawn (Orc:2)
  A merfolk aquamancer (Shoals:1)
  3 catoblepae
  4 centaur warriors
  2 two-headed ogres
  An alligator snapping turtle (Shoals:1)
  8 death yaks
  3 thrashing horrors (Lair:6)
  4 orc high priests
  Urug (Lair:3)
  A shock serpent (shapeshifter) (Lair:6)
  Nergalle (Lair:2)
  2 sea snakes (Shoals:1)
  2 large abominations (Lair:6)
  A wizard (D:14)
  4 orc knights (Orc:2)
  A deep elf pyromancer (D:14)
  9 ugly things
  3 cyclopes
  10 orc sorcerers
  9 elephants
  3 black mambas
  2 torpor snails
  2 merfolk sirens (Shoals:1)
  A smoke demon (Lair:6)
  A gargoyle (D:10)
  A centaur zombie (D:10)
  4 water nymphs (Shoals:1)
  An unseen horror (D:10)
  12 cane toads
  A kobold demonologist (D:14)
  An orange demon (Orc:2)
  5 yaktaurs (D:14)
  4 rime drakes
  An ice devil (Orc:2)
  6 komodo dragons
  An efreet (D:13)
  A red devil (Orc:2)
  An ancient zyme (Lair:6)
  A queen bee (shapeshifter) (Lair:6)
  5 polar bears
  7 trolls
  2 merfolk (Shoals:1)
  4 hornets
  Prince Ribbit (D:5)
  21 blink frogs
  11 slime creatures
  Grinder (D:5)
  14 dream sheep
  A centaur simulacrum (D:11)
  A jumping spider (shapeshifter) (D:14)
  A culicivora (Lair:4)
  2 jumping spiders (Lair:4)
  3 shadows
  4 wyverns
  3 spriggans
  2 ynoxinuls (Orc:2)
  4 wraiths (D:12)
  34 yaks
  3 water elementals
  12 basilisks
  4 chaos spawn (Lair:6)
  10 humans (D:14)
  15 vampire mosquitoes
  2 steam dragons
  6 redbacks (Lair:4)
  3 wargs
  2 acid dragons
  16 water moccasins
  A sky beast (D:7)
  43 orc warriors
  2 black bears (Lair:4)
  A hornet zombie (D:8)
  6 ogres
  3 wolves
  An ogre (shapeshifter) (Lair:6)
  18 centaurs
  A phantom (D:4)
  Blork the orc (D:5)
  2 kobold brigands
  9 bullfrogs
  A wyvern skeleton (D:6)
  3 gnoll sergeants
  2 scorpions
  4 electric eels
  3 howler monkeys (D:8)
  A bullfrog zombie (D:6)
  A hound (shapeshifter) (D:14)
  Crazy Yiuf (D:5)
  32 orc priests
  7 hounds
  7 jellies
  A centaur skeleton (D:7)
  3 iguanas
  Natasha (thrice) (D:3)
  19 orc wizards
  11 small abominations (Lair:6)
  A howler monkey zombie (D:5)
  15 gnolls
  9 adders
  A shadow imp (D:8)
  A white imp (D:7)
  An ufetubus (D:4)
  A worm (D:3)
  2 dart slugs
  99 orcs
  4 bats
  7 endoplasms
  6 giant cockroaches
  6 goblins
  7 hobgoblins
  8 jackals
  17 kobolds
  7 quokkas
  5 ball pythons
  A frilled lizard (D:1)
  8 rats
715 creatures vanquished.

Vanquished Creatures (others)
  A vault guard (D:14)
  37 fungi
  88 plants
126 creatures vanquished.

Grand Total: 841 creatures vanquished

Notes
Turn   | Place    | Note
-------+----------+-------------------------------------------
     0 | D:1      | lunkers the Merfolk Transmuter began the quest for the Orb.
     0 | D:1      | Reached XP level 1. HP: 15/15 MP: 3/3
   310 | D:1      | Reached XP level 2. HP: 13/21 MP: 3/5
   602 | D:1      | Reached skill level 4 in Unarmed Combat
   867 | D:1      | Learned a level 2 spell: Wereblood
   972 | D:1      | Reached XP level 3. HP: 26/26 MP: 4/6
   976 | D:1      | Learned a level 3 spell: Spider Form
  1672 | D:2      | Reached XP level 4. HP: 17/32 MP: 1/7
  1949 | D:2      | Found a faded altar of an unknown god.
  2659 | D:2      | Found Unyh Nea's Weapon Boutique.
  2819 | D:3      | Reached skill level 5 in Unarmed Combat
  2875 | D:3      | Reached XP level 5. HP: 15/37 MP: 3/8
  3136 | D:3      | Noticed Natasha
  3171 | D:3      | Killed Natasha
  3203 | D:3      | Noticed Natasha
  3221 | D:3      | HP: 1/37 [iron imp[Natasha] (1)]
  3222 | D:3      | Killed Natasha
  3568 | D:3      | Found a shimmering altar of Xom.
  3569 | D:3      | Found an ornate altar of the Wu Jian Council.
  3731 | D:3      | Noticed Natasha
  3737 | D:3      | Killed Natasha
  3738 | D:3      | Reached skill level 6 in Unarmed Combat
  3738 | D:3      | Reached skill level 5 in Transmutations
  3908 | D:3      | Reached XP level 6. HP: 21/43 MP: 6/9
  4098 | D:3      | Found a glowing silver altar of Zin.
  4098 | D:3      | Noticed an angel
  4494 | D:4      | Found Leuw Pio's Armour Boutique.
  4631 | D:4      | Found a white marble altar of Elyvilon.
  4937 | D:4      | Reached skill level 7 in Unarmed Combat
  5091 | D:4      | Reached XP level 7. HP: 48/48 MP: 6/10
  5597 | D:5      | Entered Level 5 of the Dungeon
  5935 | D:5      | Noticed Blork the orc
  5944 | D:5      | Killed Blork the orc
  5945 | D:5      | Reached skill level 8 in Unarmed Combat
  6179 | D:5      | Noticed Grinder
  6193 | D:5      | Killed Grinder
  6194 | D:5      | Reached XP level 8. HP: 28/54 MP: 5/11
  6571 | D:5      | Found a runed translucent door.
  6572 | D:5      | Noticed Crazy Yiuf
  6671 | D:5      | Noticed Prince Ribbit
  6684 | D:5      | Killed Prince Ribbit
  6685 | D:5      | Reached skill level 9 in Unarmed Combat
  7581 | D:5      | Killed Crazy Yiuf
  7672 | D:6      | Learned a level 4 spell: Ice Form
  7695 | D:6      | Reached skill level 10 in Unarmed Combat
  8061 | D:6      | Identified the +2 helmet of Paxzilan {Contam rF+ Dex+3}
  8193 | D:6      | Reached XP level 9. HP: 61/61 MP: 12/12
  8411 | D:6      | Identified the +1 ring mail of the Lich-sworn {SInv}
  8550 | D:6      | Found a glowing golden altar of the Shining One.
  9622 | D:7      | Found a staircase to the Ecumenical Temple.
  9779 | Temple   | Entered the Ecumenical Temple
 10028 | Temple   | Became a worshipper of Gozag Ym Sagoz the Greedy
 10117 | D:7      | Reached skill level 11 in Unarmed Combat
 10339 | D:7      | Reached skill level 5 in Dodging
 10732 | D:7      | Found an iron altar of Okawaru.
 10872 | D:7      | Noticed a hornet
 10880 | D:7      | Killed a hornet
 11136 | D:7      | Found a hide-covered altar of Uskayaw.
 11850 | D:8      | Found Oryrin's Book Shop.
 11852 | D:8      | Noticed a hornet
 11862 | D:8      | Killed a hornet
 11863 | D:8      | Reached XP level 10. HP: 53/73 MP: 6/13
 12154 | D:8      | Got the Incunabulum of Good Intentions
 12173 | D:8      | Found Lecyudon's One-of-a-Kind Rings.
 12274 | D:8      | Reached skill level 10 in Transmutations
 12285 | D:8      | Reached skill level 12 in Unarmed Combat
 12289 | D:8      | Reached skill level 5 in Fighting
 12979 | D:8      | Found a staircase to the Lair.
 13586 | D:8      | Identified the +9 quarterstaff "Newtslayer" {flame, rElec
                  | Dex+4}
 14206 | D:9      | Noticed a cyan ugly thing
 14217 | D:9      | Killed a cyan ugly thing
 14218 | D:9      | Reached skill level 13 in Unarmed Combat
 14223 | D:9      | HP: 4/91 [something (15)]
 14802 | D:9      | Reached XP level 11. HP: 71/81 MP: 10/14
 14931 | D:9      | Found the +8 trident of the Octopus King {venom, rElec
                  | rPois}
 14941 | D:9      | Found a radiant altar of Vehumet.
 15607 | D:10     | Entered Level 10 of the Dungeon
 15651 | D:10     | Noticed a two-headed ogre
 15665 | D:9      | Killed a two-headed ogre
 16071 | D:10     | Found a flagged portal.
 16085 | Bailey   | Entered a bailey
 17596 | Bailey   | Got the Reference Book on Excruciating Feathers
 17925 | D:10     | Found Laluic's Assorted Antiques.
 17931 | D:10     | Bought a scroll labelled DESTOR BY GUOF for 23 gold pieces
 17931 | D:10     | Bought a glowing leather armour for 115 gold pieces
 18390 | D:10     | Reached skill level 14 in Unarmed Combat
 18973 | D:10     | Found a hazy altar of Hepliaklqana.
 19659 | D:11     | Found a sacrificial altar of Ru.
 19732 | D:11     | Noticed a cyclops
 19740 | D:11     | Killed a cyclops
 20243 | D:11     | Found a staircase to the Orcish Mines.
 20743 | Lair:1   | Entered Level 1 of the Lair of Beasts
 20897 | Lair:1   | Reached XP level 12. HP: 92/92 MP: 11/15
 22458 | Lair:2   | Reached skill level 10 in Dodging
 22569 | Lair:2   | Noticed Nergalle
 22576 | Lair:2   | Killed Nergalle
 22954 | Lair:2   | Got Rotyfado's Incunabulum of the Oath and Evil
 23107 | Lair:3   | Found a staircase to the Shoals.
 23131 | Lair:3   | Reached skill level 15 in Unarmed Combat
 23447 | Lair:3   | Noticed Urug
 23455 | Lair:3   | Killed Urug
 24572 | Lair:4   | Found a bloodstained altar of Trog.
 25216 | Lair:4   | Reached skill level 16 in Unarmed Combat
 25323 | Lair:4   | Reached XP level 13. HP: 101/101 MP: 11/16
 25566 | Lair:4   | Found a hole to the Spider Nest.
 27180 | Lair:4   | Reached skill level 10 in Fighting
 28096 | Lair:4   | Reached skill level 17 in Unarmed Combat
 29265 | Lair:6   | Entered Level 6 of the Lair of Beasts
 29679 | Lair:6   | Found a staircase to the Slime Pits.
 29800 | Lair:6   | Reached XP level 14. HP: 111/111 MP: 17/17
 30052 | Lair:6   | Reached skill level 15 in Transmutations
 30873 | Lair:6   | Reached skill level 18 in Unarmed Combat
 32089 | Lair:6   | HP: 3/135 [something (13)]
 32785 | Lair:6   | Found a corrupted altar of Lugonu.
 32785 | Lair:6   | Found a one-way gate to the infinite horrors of the Abyss.
 33216 | Orc:1    | Entered Level 1 of the Orcish Mines
 33265 | Orc:1    | Noticed an orc warlord
 33274 | Orc:1    | Killed an orc warlord
 33497 | Orc:2    | Entered Level 2 of the Orcish Mines
 33502 | Orc:2    | Found a staircase to the Elven Halls.
 33685 | Orc:1    | Found a runed translucent door.
 34141 | Orc:1    | Found Batej's Weapon Shoppe.
 34485 | Orc:2    | Found Ilihurrov's Magic Scroll Shoppe.
 34487 | Orc:2    | Found Wieskulicw's Distillery.
 35012 | Orc:2    | Reached XP level 15. HP: 114/120 MP: 13/18
 35646 | Orc:2    | Reached skill level 19 in Unarmed Combat
 36904 | Orc:2    | Found Moxosh's Antique Weapon Boutique.
 36904 | Orc:2    | Found Vatiujobb's Book Shop.
 36904 | Orc:2    | Found a one-way gate leading to the halls of Pandemonium.
 37231 | Orc:2    | Bought an Inescapable Atlas for 408 gold pieces
 37235 | Orc:2    | Bought a book of Transfigurations for 480 gold pieces
 37241 | Orc:2    | Learned a level 5 spell: Blade Hands
 37353 | Orc:2    | Bought a potion of heal wounds for 70 gold pieces
 37355 | Orc:2    | Bought a scroll of fog for 28 gold pieces
 37355 | Orc:2    | Bought a scroll of teleportation for 42 gold pieces
 38005 | D:12     | Noticed Josephine
 38017 | D:12     | Killed Josephine
 39085 | D:13     | Reached skill level 15 in Dodging
 40136 | D:14     | Found a gate to the Vaults.
 40444 | D:14     | Reached skill level 20 in Unarmed Combat
 40765 | D:14     | Identified the +1 leather armour "Rolutif" {rF+ Regen+
                  | Str+4 Slay-3}
 40903 | D:14     | Identified a scroll of acquirement
 40903 | D:14     | Acquired 882 gold pieces
 41080 | Shoals:1 | Entered Level 1 of the Shoals
 41250 | Shoals:1 | Reached XP level 16. HP: 125/130 MP: 14/19
 41380 | Shoals:1 | Upgraded the game from 0.29-a0-92-gee772dd00f to
                  | 0.29-a0-96-g93358da72b
 41394 | Shoals:1 | Killed from afar by a wind drake

Illustrated notes

Levels and vault maps discovered:
D:1:      dpeg_arrival_prison, layout_basic
D:2:      layout_loops_ring, shapermc_ecumenical_altar_mp_vishouse,
          serial_shops, nicolae_diamond_shop
D:3:      layout_loops_ring, zin_angel,
          chequers_temple_overflow_statue_of_worship, minmay_misc_feat_x,
          uniq_natasha
D:4:      layout_basic, nicolae_elyvilon_peaceful_grove, serial_shops,
          nicolae_stop_n_shop_1
D:5:      lemuel_ice_spiral_2, layout_basic, minmay_tree_intersection,
          minmay_misc_feat_room, uniq_blork_the_orc, uniq_prince_ribbit1,
          uniq_grinder, uniq_crazy_yiuf_cottage
D:6:      layout_basic, tso_altar, chequers_big_river,
          chequers_serial_rivers_micro_d, kennysheep_generic_room_5
D:7:      layout_loops_cross, marbit_many_paths, nicolae_uskayaw_dance_studio,
          minmay_temple_entry_antechambers
D:8:      layout_cave_pods, david_lair_shrubbed, serial_shops,
          nicolae_shop_advertising_works [nicolae_subvault_shop_adworks],
          nicolae_shop_unique_rings
D:9:      layout_cave_pods, vehumet_crystals
D:10:     layout_layer_cave, mainiacjoe_overflow_surrounded_room,
          enter_bailey_5, serial_shops, nicolae_diamond_shop
D:11:     layout_basic, david_orc_4, nicolae_ru_sacrificial_ziggurat
D:12:     layout_loops_ring, minmay_puff, uniq_josephine
D:13:     layout_cave_pools
D:14:     statuecave_lemuel, layout_gridville, ximxim_vaults_locker_room
Temple:   nicolae_temple_figure_eight
Lair:1:   layout_layer_cave
Lair:2:   layout_regular_city, lemuel_fruit_fields, uniq_nergalle
Lair:3:   layout_regular_city, shoals_dummy_entry, uniq_urug
Lair:4:   layout_misc_corridors, nicolae_spider_entry_tight_spaces, basic_altar
Lair:5:   layout_misc_corridors, grunt_forest_stairs_clearing,
          serial_bayou_shore_a
Lair:6:   hellmonk_lair_end_abyssal_woods, layout_cave_pods,
          minmay_slime_entry_pillars
Shoals:1: layout_shoals, gammafunk_ghost_berserking_beasts
Orc:1:    layout_diamond_mine, serial_shops, shop, lightli_church_of_beogh
Orc:2:    pf_orc_diabolical, layout_caves

Skill      XL: |  1  2  3  4  5  6  7  8  9 10 11 12 13 14 15 |
---------------+----------------------------------------------+-----
Transmutations | 3 4 5 7 8 9 11 12 13 14 16 17 | 17.2
Unarmed Combat | 4 5 6 7 8 10 11 13 14 16 17 18 20 | 20.2
Dodging        | 3 5 7 9 11 12 14 15 | 15.6
Fighting       | 2 4 6 7 9 10 12 13 | 13.1
Spellcasting   | |  2.0

Action                   |  1- 3 |  4- 6 |  7- 9 | 10-12 | 13-15 | 16-18 || total
-------------------------+-------+-------+-------+-------+-------+-------++-------
Melee: Unarmed           |   101 |   139 |   281 |   519 |   944 |    22 ||  2006
       Headbutt          |    14 |     1 |       |       |       |       ||    15
       Punch             |     1 |       |       |       |    36 |     4 ||    41
       Quarterstaff      |       |       |       |    49 |    53 |       ||   102
       Tailslap          |       |       |       |       |     4 |     1 ||     5
 Cast: Beastly Appendage |    19 |     3 |       |       |       |       ||    22
       Spider Form       |     3 |    34 |    50 |    10 |       |       ||    97
       Ice Form          |       |       |       |    65 |    85 |       ||   150
       Blade Hands       |       |       |       |       |    32 |     2 ||    34
Evoke: Wand              |       |       |       |     1 |    10 |       ||    11
       Tin of tremorston |       |       |       |       |     2 |       ||     2
  Use: Scroll            |     2 |       |     8 |     8 |    13 |     1 ||    32
       Potion            |       |       |     2 |     1 |     2 |       ||     5
 Stab: Sleeping          |     1 |     2 |     4 |     1 |       |       ||     8
       Distracted        |       |       |       |     5 |    10 |       ||    15
       Petrified         |       |       |       |       |     4 |       ||     4
Armor: Robe              |    20 |     2 |     8 |     2 |       |       ||    32
       Skin              |     1 |     3 |     8 |    99 |   101 |       ||   212
       Leather armour    |       |       |       |    22 |    50 |     2 ||    74
Dodge: Dodged            |    63 |   102 |   210 |   466 |   835 |    18 ||  1694

Table legend: (Time is in decaauts)
 A = Elapsed time spent in this place.
 B = Non-inter-level travel time spent in this place.
 C = Inter-level travel time spent in this place.
 D = Time resting spent in this place.
 E = Time spent auto-exploring this place.
 F = Levels seen in this place.
 G = Mean time per level.
                   A        B        C        D        E       F      G
               +--------+--------+--------+--------+--------+-----+--------+
         Total |  40827 |  39582 |   1245 |   6008 |  27471 |  25 | 1633.1 |
       Dungeon |  22291 |  21431 |    860 |   2469 |  16107 |  14 | 1592.2 |
        Temple |    269 |    249 |     20 |      0 |    204 |   1 |  269.0 |
          Lair |  12237 |  11958 |    279 |   2425 |   7903 |   6 | 2039.5 |
        Shoals |    269 |    265 |      4 |      0 |    173 |   1 |  269.0 |
  Orcish Mines |   4110 |   4031 |     79 |    817 |   2283 |   2 | 2055.0 |
        Bailey |   1648 |   1648 |      0 |    297 |    800 |   1 | 1648.0 |
               +--------+--------+--------+--------+--------+-----+--------+

Top non-repeatable levels by time:
  Lair:4: 3610 daAuts
  Lair:6: 3340 daAuts
   Orc:2: 2915 daAuts
     D:6: 2262 daAuts
     D:9: 2153 daAuts
    D:10: 1915 daAuts
     D:8: 1833 daAuts
     D:5: 1801 daAuts
     D:7: 1786 daAuts
     D:3: 1704 daAuts
  Bailey: 1648 daAuts
  Lair:1: 1571 daAuts
  Lair:3: 1446 daAuts
    D:14: 1444 daAuts
     D:1: 1430 daAuts
